 Dungeon Crawl Stone Soup version 0.23-a0-436-g57debff (webtiles) character file.

15356 Azzok the Thaumaturge (level 12, -20/81 HPs)
             Began as a Purple Draconian Fire Elementalist on Nov 16, 2018.
             Was an Elder of Vehumet.
             Hit by a silver javelin thrown by a minotaur (38 damage)
             ... in a labyrinth.
             The game lasted 00:23:39 (11963 turns).

Azzok the Thaumaturge (DrFE)                       Turns: 11963, Time: 00:23:40

Health: -20/81     AC:  9    Str: 10    XL:     12   Next: 0%
Magic:  3/28       EV: 12    Int: 21    God:    Vehumet [****..]
Gold:   241        SH:  0    Dex: 12    Spells: 9/35 levels left

rFire    + . .     SeeInvis .   G - staff of conjuration
rCold    . . .     Gourm    .   (no shield)
rNeg     . . .     Faith    .   (armour unavailable)
rPois    .         Spirit   .   (helmet restricted)
rElec    .         Reflect  .   (no cloak)
rCorr    .         Harm     .   (no gloves)
MR       +....                  h - +0 pair of boots
Stlth    ++........             D - amulet of magic regeneration
HPRegen  0.23/turn              e - ring of wizardry
MPRegen  0.46/turn              P - ring of protection from fire

@: very slightly contaminated, starving
A: breathe power, unfitting armour, cold-blooded, AC +8
a: Breathe Dispelling Energy, Renounce Religion


You were in a labyrinth.
You worshipped Vehumet.
Vehumet was greatly pleased with you.
You were starving.

You visited 2 branches of the dungeon, and saw 12 of its levels.
You also visited: Labyrinth.

You collected 781 gold pieces.
You spent 540 gold pieces at shops.

Inventory:

Hand Weapons
 n - a +0 long sword of slicing
 z - a +5 falchion of holy wrath
Armour
 h - a +0 pair of boots (worn)
Magical Staves
 G - an uncursed staff of conjuration (weapon)
Jewellery
 e - a ring of wizardry (left hand)
 g - an uncursed ring of protection from cold
 w - an uncursed amulet of the acrobat
 D - an amulet of magic regeneration (around neck)
 F - an uncursed ring of resist corrosion
 N - an uncursed ring of protection from cold
 O - an uncursed ring of protection from fire
 P - a ring of protection from fire (right hand)
Wands
 j - a wand of acid (8)
 m - a wand of random effects (15)
 o - a wand of flame (20)
 J - a wand of clouds (7)
 K - a wand of disintegration (6)
 L - a wand of polymorph (11)
Scrolls
 a - 6 scrolls of teleportation
 c - 2 scrolls of noise {unknown}
 d - 2 scrolls of fear
 f - 7 scrolls of remove curse
 p - 3 scrolls of immolation {unknown}
 r - 4 scrolls of magic mapping
 t - 2 scrolls of enchant weapon {unknown}
 u - 3 scrolls of blinking {unknown}
 y - a scroll of random uselessness {unknown}
 A - 3 scrolls of enchant armour
 E - 2 scrolls of amnesia {unknown}
 M - a scroll of silence {unknown}
 Q - a scroll of fog {unknown}
Potions
 i - a potion of ambrosia
 k - 3 potions of invisibility
 l - 7 potions of lignification
 q - 3 potions of mutation {!q}
 s - 2 potions of cancellation {unknown}
 v - 2 potions of curing
 x - 2 potions of degeneration {unknown}
 B - a potion of flight {unknown}
 C - 2 potions of might {unknown}
 H - 2 potions of haste {unknown}
 R - a potion of brilliance {unknown}
Comestibles
 b - 23 rations


   Skills:
 - Level 1.7 Dodging
 - Level 1.7 Stealth
 + Level 12.3 Spellcasting
 + Level 11.2 Conjurations
 + Level 11.6 Fire Magic
 + Level 1.6 Earth Magic


You had 9 spell levels left.
You knew the following spells:

 Your Spells              Type           Power        Failure   Level  Hunger
a - Flame Tongue          Conj/Fire      #####        1%          1    None
b - Conjure Flame         Conj/Fire      #######.     1%          3    None
c - Sticky Flame          Conj/Fire      #######.     1%          4    None
d - Fireball              Conj/Fire      #######...   1%          5    ####...
e - Orb of Destruction    Conj           ######....   4%          7    #######
f - Iron Shot             Conj/Erth      ######....   7%          6    #####..

Your spell library contained the following spells:

 Spells                   Type           Power        Failure   Level  Hunger
 Dazzling Spray           Conj/Hex       ######       1%          3    None
 Confusing Touch          Hex            ##....       1%          1    None
 Magic Dart               Conj           ####         1%          1    None
 Throw Flame              Conj/Fire      ######       1%          2    None
 Inner Flame              Hex/Fire       #####...     1%          3    None
 Mephitic Cloud           Conj/Pois/Air  #####...     1%          3    None
 Bolt of Magma            Conj/Fire/Erth ######....   1%          5    ####...
 Iskenderun's Battlesphe  Conj/Chrm      ######..     1%          5    ####...
 Venom Bolt               Conj/Pois      ######....   1%          5    ####...
 Blink                    Tloc           N/A          3%          2    None
 Call Imp                 Summ           ##......     3%          2    None
 Slow                     Hex            ##......     3%          2    None
 Confuse                  Hex            ##......     6%          3    None
 Gell's Gravitas          Tloc           ##........   6%          3    None
 Petrify                  Tmut/Erth      ###.....     14%         4    None
 Yara's Violent Unravell  Hex/Tmut       ##........   14%         5    ####...
 Spellforged Servitor     Conj/Summ      ######....   38%         7    #######
 Metabolic Englaciation   Hex/Ice        ##........   45%         5    ####...


Dungeon Overview and Level Annotations

Branches:
Dungeon (11/15)            Temple (0/1) D:4            Lair (1/6) D:9
    Orc: D:9-12

Altars:
Cheibriados
Dithmenos
Gozag
Nemelex Xobeh
Okawaru
Sif Muna
Trog
Vehumet
Wu Jian
Xom
The Shining One

Shops:
D:4 }   D:5 :

Annotations:
D:3 2 transporters, phyphor's ghost, amateur SpEn


Innate Abilities, Weirdness & Mutations

You can breathe bolts of dispelling energy.
Your rich purple scales are hard. (AC +8)
You cannot fit into any form of body armour.
You are cold-blooded and may be slowed by cold attacks.


Message History

The orb of destruction hits the minotaur.
The minotaur is heavily wounded.
The minotaur throws a silver javelin.
The silver javelin hits you!!
You see here a silver javelin.
Casting: Orb of Destruction (slightly dangerous; 4% risk of failure)
Confirm with . or Enter, or press ? or * to list all spells.
Aiming: Orb of Destruction (slightly dangerous; 4% risk of failure)
Press: ? - help, Shift-Dir - straight line, f/p - minotaur
Aim: a minotaur, wielding a +0 broad axe, wearing a +0 crystal plate armour, You feel a surge of power!
* * * LOW MAGIC WARNING * * *
You are starving!
The minotaur throws a silver javelin.
The silver javelin hits you.
Your orb of destruction hits a crystal wall.
The minotaur throws a silver javelin.
The silver javelin hits you!!
* * * LOW HITPOINT WARNING * * *
You see here 2 silver javelins.
You feel better.
The minotaur throws a silver javelin.
The silver javelin hits you!!!
You die...

· · ·▒ · ▒· ▒ ▒ ▒·
· · ▒· ·▒ ·▒ · ▒ ··
▒ ▒ ▒ ▒·▒▒▒▒▒▒▒▒▒·▒
▒▒▒ ▒ ···▒·@·····▒·
· ··
▒▒▒·▒·▒(▒▒▒▒▒·▒
▒·▒·▒ · ▒···▒·▒(▒
▒·▒ ▒ ▒·▒· ▒
···§····▒ ▒· ▒ ▒▒·
▒··▒▒'▒▒··▒·····▒ ·
▒▒▒▒·· 8·8▒··▒· · ·
▒ ·····▒···▒·
···▒)·· ▒
▒▒▒▒·▒8H8▒···▒▒▒▒▒·
▒ ▒ ▒· ··▒[·:▒ ····
·


You could see a minotaur.

Vanquished Creatures
  2 hydras
  A two-headed ogre (D:10)
  Nergalle (D:10)
  2 manticores (D:11)
  Psyche (D:8)
  2 gargoyles
  A komodo dragon (D:9)
  A troll (D:11)
  A hippogriff (D:5)
  2 dream sheep (D:10)
  A wraith (D:11)
  21 yaks
  A shadow (D:10)
  A basilisk (D:9)
  Eustachio (D:5)
  2 steam dragons (D:7)
  5 hungry ghosts
  An acid dragon (D:9)
  A water moccasin (Lair:1)
  2 porcupines (Lair:1)
  Duvessa (D:5)
  A hornet zombie (D:10)
  2 necrophages
  3 orc warriors
  A sky beast (D:10)
  9 ogres
  A black bear (D:10)
  2 ice beasts
  An eye of draining (D:11)
  2 centaurs
  3 phantoms
  3 crocodiles (D:9)
  Blork the orc (D:5)
  6 bullfrogs
  3 big kobolds (D:10)
  A gnoll sergeant (D:5)
  Dowan (D:5)
  2 scorpions
  10 killer bees
  6 howler monkeys
  A wight (D:5)
  2 crimson imps
  A jelly (D:7)
  2 quasits (D:10)
  3 hounds
  2 bullfrog skeletons
  2 orc priests
  2 centaur skeletons
  3 orc wizards
  Jessica (D:2)
  4 iguanas
  Natasha (thrice) (D:2)
  4 worker ants
  A killer bee zombie (D:5)
  2 hound skeletons
  2 howler monkey zombies
  8 adders
  4 gnolls (D:9)
  6 shadow imps
  An ooze (D:1)
  A worm (D:2)
  2 leopard geckos
  29 orcs
  6 giant cockroaches
  7 goblins
  5 hobgoblins
  12 jackals
  4 kobolds
  3 quokkas
  10 bats
  A frilled lizard (D:1)
  2 jackal skeletons (D:4)
  6 rats
251 creatures vanquished.

Vanquished Creatures (others)
  2 fungi (D:7)
2 creatures vanquished.

Grand Total: 253 creatures vanquished

Notes
Turn   | Place    | Note
-------+----------+-------------------------------------------
     0 | D:1      | Azzok the Draconian Fire Elementalist began the quest for
                  | the Orb.
     0 | D:1      | Reached XP level 1. HP: 14/14 MP: 3/3
   124 | D:1      | Reached XP level 2. HP: 15/20 MP: 0/5
   996 | D:2      | Found a shimmering altar of Xom.
  1041 | D:2      | Noticed Natasha
  1065 | D:2      | Killed Natasha
  1065 | D:2      | Reached XP level 3. HP: 26/26 MP: 0/6
  1398 | D:2      | Reached XP level 4. HP: 33/33 MP: 6/8
  1788 | D:2      | Noticed Natasha
  1816 | D:2      | Killed Natasha
  1816 | D:2      | Reached skill level 3 in Spellcasting
  1972 | D:2      | Noticed Jessica
  1979 | D:2      | Killed Jessica
  1979 | D:2      | Reached XP level 5. HP: 31/38 MP: 2/9
  2103 | D:2      | Noticed Natasha
  2110 | D:2      | Killed Natasha
  2802 | D:3      | Found a radiant altar of Vehumet.
  2822 | D:3      | Became a worshipper of Vehumet
  2844 | D:3      | Found a transporter.
  2879 | D:3      | Noticed phyphor's ghost (amateur SpEn)
  2884 | D:3      | Found a transporter.
  3005 | D:4      | Found Otomm's Gadget Shoppe.
  3052 | D:4      | Found a snail-covered altar of Cheibriados.
  3139 | D:4      | Noticed an ogre
  3156 | D:4      | Killed an ogre
  3156 | D:4      | Reached XP level 6. HP: 45/45 MP: 7/11
  3161 | D:4      | Learned a level 3 spell: Conjure Flame
  3166 | D:4      | Learned a level 4 spell: Sticky Flame
  3220 | D:4      | Found a staircase to the Ecumenical Temple.
  3338 | D:4      | Found an opulent altar of Gozag.
  3557 | D:5      | Entered Level 5 of the Dungeon
  3567 | D:5      | Noticed Duvessa
  3569 | D:5      | Noticed Dowan
  3578 | D:5      | Killed Duvessa
  3578 | D:5      | Reached skill level 4 in Spellcasting
  3578 | D:5      | Reached skill level 5 in Fire Magic
  3587 | D:5      | Killed Dowan
  3716 | D:5      | Your scales start taking on a rich purple colour.
  3716 | D:5      | Reached skill level 5 in Spellcasting
  3716 | D:5      | Reached XP level 7. HP: 26/50 MP: 5/14
  4078 | D:5      | Noticed a hippogriff
  4093 | D:5      | Killed a hippogriff
  4093 | D:5      | Reached skill level 6 in Spellcasting
  4093 | D:5      | Reached skill level 5 in Conjurations
  4256 | D:5      | Noticed Blork the orc
  4258 | D:5      | Noticed Eustachio
  4303 | D:5      | Killed Blork the orc
  4425 | D:5      | Killed Eustachio
  4425 | D:5      | Reached XP level 8. HP: 51/57 MP: 0/17
  4881 | D:5      | Found Liqifaec's Book Shop.
  5074 | D:6      | Found an iron altar of Okawaru.
  5219 | D:6      | Learned a level 5 spell: Fireball
  5342 | D:6      | Found a bloodstained altar of Trog.
  5385 | D:6      | Reached skill level 7 in Spellcasting
  6022 | D:7      | Found an ornate altar of the Wu Jian Council.
  6335 | D:7      | Reached XP level 9. HP: 48/62 MP: 11/20
  6434 | D:7      | Reached skill level 8 in Spellcasting
  6492 | D:7      | Reached * piety under Vehumet
  6492 | D:7      | Offered knowledge of Shock by Vehumet.
  7428 | D:8      | Noticed Psyche
  7430 | D:8      | Killed Psyche
  7544 | D:8      | Found a shimmering altar of Xom.
  7635 | D:8      | Reached skill level 9 in Spellcasting
  7653 | D:8      | Found a faded altar of an unknown god.
  7653 | D:8      | Found a deep blue altar of Sif Muna.
  7660 | D:8      | Found a faded altar of an unknown god.
  7663 | D:8      | Found a sparkling altar of Nemelex Xobeh.
  7664 | D:8      | Found a glowing golden altar of the Shining One.
  7699 | D:8      | Offered knowledge of Throw Frost by Vehumet.
  7816 | D:9      | Reached ** piety under Vehumet
  7880 | D:9      | Reached XP level 10. HP: 62/69 MP: 12/23
  8081 | D:9      | Found a shadowy altar of Dithmenos.
  8272 | D:9      | Offered knowledge of Mephitic Cloud by Vehumet.
  8570 | D:9      | Reached skill level 10 in Spellcasting
  8727 | D:9      | Found a staircase to the Lair.
  8747 | D:9      | Reached *** piety under Vehumet
  9215 | D:10     | Entered Level 10 of the Dungeon
  9259 | D:10     | Noticed a gargoyle
  9263 | D:10     | Killed a gargoyle
  9328 | D:10     | Noticed Nergalle
  9399 | D:10     | Killed Nergalle
  9399 | D:10     | Reached skill level 10 in Fire Magic
  9399 | D:10     | Noticed a two-headed ogre
  9608 | D:10     | Killed a two-headed ogre
  9608 | D:10     | Reached skill level 11 in Spellcasting
  9608 | D:10     | Reached XP level 11. HP: 74/74 MP: 9/26
  9623 | D:10     | Reached skill level 10 in Conjurations
  9740 | D:10     | Offered knowledge of Static Discharge by Vehumet.
 10176 | D:10     | Reached **** piety under Vehumet
 10224 | D:10     | Noticed a three-headed hydra
 10230 | D:10     | Killed a three-headed hydra
 10402 | D:11     | Offered knowledge of Dazzling Spray by Vehumet.
 10929 | D:11     | Reached skill level 12 in Spellcasting
 11530 | D:5      | Bought a book of Power for 540 gold pieces
 11538 | D:5      | Learned a level 7 spell: Orb of Destruction
 11545 | D:5      | Learned a level 6 spell: Iron Shot
 11703 | Lair:1   | Entered Level 1 of the Lair of Beasts
 11703 | Lair:1   | Found a labyrinth entrance.
 11703 | Lair:1   | Noticed a seven-headed hydra
 11708 | Lair:1   | Killed a seven-headed hydra
 11708 | Lair:1   | Reached skill level 1 in Earth Magic
 11726 | Lab      | Entered a labyrinth
 11865 | Lab      | Reached XP level 12. HP: 81/81 MP: 6/28
 11955 | Lab      | Noticed a minotaur
 11963 | Lab      | Hit by a silver javelin thrown by a minotaur

Vault maps used:
D:1:      lightli_iron_boxes
D:2:      wad_pebble_path, xom_butterflies, first_ration,
          minmay_misc_feat_secret_circle, uniq_natasha, uniq_jessica
D:3:      vehumet_crystals, gammafunk_ghost_stat_death, grunt_ministairs_11
D:4:      kennysheep_mini, minmay_temple_entry_trees, serial_shops, shop,
          nicolae_gozag_cash_rules_everything_around_me
D:5:      serial_shops, shop, roderic_nine_men_s_morris, sword_in_stone,
          uniq_duvessa
D:6:      okawaru_metal_pillars_3, lightli_temple_of_fire, st_stairs_13,
          grunt_ministairs_13, corexii_corridor_pit, uniq_blork_the_orc
D:7:      kennysheep_steamy, kennysheep_little_box
D:8:      chequers_temple_overflow_minitemple, tgw_xom, uniq_psyche
D:9:      lemuel_doored_altar, erik_lair_dragon
D:10:     hangedman_ranch, chequers_serial_rivers_room_a,
          kennysheep_generic_room_5, uniq_nergalle
D:11:     hangedman_abyss_or_decor_slice, roderic_batcave, bh_walls_and_bars
Lair:1:   lab_entry_generic
Lab:      nicolae_lab_dead_adventurers, nicolae_lab_t_cross,
          nicolae_lab_checkerboard, nicolae_lab_big_swirl,
          labyrinth_baited_teleportation_trap, nicolae_lab_diamond,
          labyrinth_skeletal_remains, nicolae_lab_plus, labyrinth_glass_1,
          nicolae_lab_very_dead_end, labyrinth_fake_exit

Skill      XL: |  1  2  3  4  5  6  7  8  9 10 11 |
---------------+----------------------------------+-----
Conjurations   | 2 3 4 5 6 8 9 11 | 11.2
Spellcasting   | 3 5 6 7 9 11 12 | 12.3
Fire Magic     | 4 5 6 7 8 10 11 | 11.6
Earth Magic    | 1 |  1.6
Dodging        | |  1.7
Stealth        | |  1.7

Action                   |  1- 3 |  4- 6 |  7- 9 | 10-12 || total
-------------------------+-------+-------+-------+-------++-------
Melee: Unarmed           |    41 |       |       |       ||    41
       Tailslap          |     3 |     4 |     2 |     3 ||    12
       Long sword        |     6 |    17 |       |       ||    23
       Falchion          |       |       |     6 |    16 ||    22
 Cast: Flame Tongue      |    36 |    84 |   214 |   128 ||   462
       Sticky Flame      |       |     3 |    20 |    33 ||    56
       Conjure Flame     |       |       |    10 |     2 ||    12
       Fireball          |       |       |     8 |    93 ||   101
       Orb of Destructio |       |       |       |     3 ||     3
 Abil: Breathe Dispellin |       |       |     1 |       ||     1
  Use: Scroll            |       |     1 |     7 |     3 ||    11
       Potion            |       |       |       |     1 ||     1
 Stab: Sleeping          |     1 |       |       |       ||     1
  Eat: Chunk             |     2 |     7 |    14 |    25 ||    48
       Ration            |       |       |     1 |     2 ||     3
Armor: Skin              |    16 |    22 |    25 |    44 ||   107
Dodge: Dodged            |    48 |    34 |    79 |    96 ||   257
       Rpst.: Long sword |     1 |    13 |    11 |       ||    25
       Falchion          |       |       |     6 |    15 ||    21

Table legend:
 A = Non-vault XP
 B = Vault XP
 C = Vault XP percentage of total XP
 D = Non-vault monster count
 E = Vault monster count
 F = Vault count percentage of total count
                 A         B        C        D         E       F
            +---------+---------+-------+---------+---------+-------
      Total |   15051 |    6887 |  31.4 |     202 |      49 |  19.5
            +---------+---------+-------+---------+---------+-------
        D:1 |      21 |       0 |   0.0 |       9 |       0 |   0.0
        D:2 |     172 |      70 |  28.9 |      29 |       2 |   6.5
        D:3 |      15 |       4 |  21.1 |       8 |       2 |  20.0
        D:4 |     210 |       0 |   0.0 |       5 |       0 |   0.0
        D:5 |     490 |     777 |  61.3 |       7 |       7 |  50.0
        D:6 |     390 |      19 |   4.6 |       4 |       2 |  33.3
        D:7 |     797 |     377 |  32.1 |      20 |       2 |   9.1
        D:8 |     929 |     440 |  32.1 |      27 |       4 |  12.9
        D:9 |    2548 |    1107 |  30.3 |      37 |       7 |  15.9
       D:10 |    3978 |    3315 |  45.5 |      24 |      13 |  35.1
       D:11 |    4093 |      10 |   0.2 |      28 |       6 |  17.6
     Lair:1 |    1408 |       0 |   0.0 |       4 |       0 |   0.0
        Lab |       0 |     768 | 100.0 |       0 |       4 | 100.0
            +---------+---------+-------+---------+---------+-------
